 Dungeon Sprint DCSS version 0.27-a0-79-gcaaa221d37 (webtiles) character file.

Game seed: 116250789620538508

1285 mhtbhm the Thaumaturge (level 8, -9/41 HPs)
             Began as a Deep Elf Earth Elementalist on Jan 15, 2021.
             Was a Believer of Vehumet.
             Mangled by Erica
             ... wielding a +4 scimitar of flaming
              (16 damage)
             ... in the Dungeon (Sprint III: "The Ten Rune Challenge").
             The game lasted 00:02:26 (803 turns).

mhtbhm the Thaumaturge (Deep Elf Earth Elementalist) Turns: 803, Time: 00:02:27

Health: -9/41      AC:  2    Str:  5    XL:     8   Next: 29%
Magic:  21/28      EV: 15    Int: 23    God:    Vehumet [**....]
Gold:   29         SH:  0    Dex: 15    Spells: 21/36 levels left

rFire    . . .     SeeInvis +   (no weapon)
rCold    . . .     Faith    .   (no shield)
rNeg     . . .     Spirit   .   c - +0 robe
rPois    .         Reflect  .   (no helmet)
rElec    .         Harm     .   (no cloak)
rCorr    .         Rampage  .   (no gloves)
Will     .....     NoTele   +   (no boots)
Stlth    +++.......             (no amulet)
HPRegen  0.13/turn              (no ring)
MPRegen  0.21/turn              (no ring)

@: no status effects
A: talons 1, see invisible
a: Renounce Religion


You were in the Dungeon.
You worshipped Vehumet.
Vehumet was pleased with you.
You visited 1 branch You collected 29 gold pieces.

Inventory:

Missiles
 b - 3 stones
Armour
 c - a +0 robe (worn)
Wands
 o - a wand of polymorph (11)
Scrolls
 a - a scroll of torment {unknown}
 i - a scroll of blinking
 j - 3 scrolls of identify
 k - 3 scrolls of remove curse
 m - a scroll of holy word {unknown}
Potions
 d - a potion of curing
 e - 3 potions of heal wounds
 f - a potion of haste
 g - 2 potions of magic
 h - 2 potions of berserk rage
 l - a potion of flight {unknown}
 n - 4 potions of mutation
 p - a potion of might
Miscellaneous
 q - a phantom mirror


   Skills:
 + Level 4.9 Dodging
 + Level 5.4 Stealth
 + Level 14.9 Spellcasting
 + Level 0.4 Conjurations
 + Level 2.4 Transmutations
 + Level 13.9 Earth Magic


You had 21 spell levels left.
You knew the following spells:

 Your Spells              Type           Power        Failure   Level
a - Sandblast             Erth           100%         0%          1
b - Passwall              Tmut/Erth      44%          1%          2
c - Stone Arrow           Conj/Erth      100%         1%          3
d - Lee's Rapid Deconstr  Erth           34%          1%          5
e - Petrify               Tmut/Erth      53%          1%          4

Your spell library contained the following spells:

 Spells                   Type           Power        Failure   Level
 Shock                    Conj/Air       72%          3%          1
 Confusing Touch          Hex            17%          11%         3
 Gell's Gravitas          Tloc           8%           11%         3
 Yara's Violent Unravell  Hex/Tmut       11%          50%         5
 Metabolic Englaciation   Hex/Ice        8%           67%         5


Dungeon Overview and Level Annotations

Branches:
Dungeon (1/1)

Altars:
Cheibriados
Dithmenos
Elyvilon
Fedhas
Gozag
Hepliaklqana
Kikubaaqudgha
Makhleb
Nemelex Xobeh
Okawaru
Qazlal
Ru
Sif Muna
Trog
Uskayaw
Vehumet
Wu Jian
Xom
Yredelemnul
Zin
The Shining One
Beogh
Jiyva
Lugonu

Annotations:
D Erica


Innate Abilities, Weirdness & Mutations

You have sharp toenails.
You have supernaturally acute eyesight. (SInv)


Message History

The blast of sand misses Erica.
Erica splashes around in the water.
Unknown command.
Casting: Sandblast (safe; 0% risk of failure)
Confirm with . or Enter, or press ? or * to list all spells.
Aiming: Sandblast (safe; 0% risk of failure)
Press: ? - help, Shift-Dir - straight line, f/p - Erica
Aim: Erica, wielding a +4 scimitar of flaming and wearing a +1 robe of willpower (black smoke, severely wounded, 18% to evade)
The blast of sand hits Erica!
Erica is almost dead.
Erica splashes around in the water.
Unknown command.
Casting: Sandblast (safe; 0% risk of failure)
Confirm with . or Enter, or press ? or * to list all spells.
Aiming: Sandblast (safe; 0% risk of failure)
Press: ? - help, Shift-Dir - straight line, f/p - Erica
Aim: Erica, wielding a +4 scimitar of flaming and wearing a +1 robe of willpower (black smoke, almost dead, 18% to evade)
The blast of sand hits Erica.
Erica is almost dead.
Erica hits you with a +4 scimitar of flaming!
You die...

♣.############
♣♣.#___#___#__#
..#.).#__)#)_#
♣♣.###'#'###'##
...#..........#
...'.⌠........#
...#...######'#
...#.⌠.#__#...#+#####
...#...#__#...#.@§§≈+
...#'###__#...#.#@§§#
...#.).#__#...'.#§§§#
...#___#__'...#.#..§#
▓▓▓▓▓▓▓▓▓▓▓▓▓▓▓▓▓▓▓▓


You could see Erica.

Vanquished Creatures
  A deep elf mage (D)
  A shadow (D)
  A spatial vortex (D)
  A necrophage (D)
  A water elemental (D)
  A jelly (D)
  A wizard (D)
  Jessica (D)
  A necromancer (D)
  3 humans (D)
  A kobold demonologist (D)
  A wolf (D)
  2 oozes (D)
  A rat (D)
17 creatures vanquished.

Vanquished Creatures (others)
  5 plants (D)
5 creatures vanquished.

Grand Total: 22 creatures vanquished

Notes
Turn   | Place    | Note
-------+----------+-------------------------------------------
     0 | D        | mhtbhm the Deep Elf Earth Elementalist began the quest for
                  | the Orb.
     0 | D        | Reached XP level 1. HP: 10/10 MP: 6/6
     4 | D        | Reached skill level 4 in Spellcasting
     6 | D        | Reached XP level 2. HP: 15/15 MP: 3/9
    60 | D        | Learned a level 2 spell: Passwall
    83 | D        | Gained mutation: Potions are less effective at restoring
                  | your health. [potion of mutation]
    83 | D        | Gained mutation: You have sharp toenails. [potion of
                  | mutation]
    84 | D        | Lost mutation: You have sharp toenails. [potion of
                  | mutation]
    84 | D        | Lost mutation: Potions are less effective at restoring your
                  | health. [potion of mutation]
    84 | D        | Gained mutation: You have supernaturally acute eyesight.
                  | (SInv) [potion of mutation]
    84 | D        | Gained mutation: You have sharp toenails. [potion of
                  | mutation]
    91 | D        | Reached skill level 5 in Earth Magic
   127 | D        | Noticed Jessica
   128 | D        | Killed Jessica
   129 | D        | Reached skill level 5 in Spellcasting
   129 | D        | Reached XP level 3. HP: 19/19 MP: 8/12
   133 | D        | Learned a level 3 spell: Stone Arrow
   159 | D        | Reached skill level 6 in Spellcasting
   159 | D        | Reached XP level 4. HP: 10/24 MP: 4/14
   328 | D        | Noticed a water elemental
   334 | D        | Killed a water elemental
   335 | D        | Reached skill level 7 in Spellcasting
   376 | D        | Found a radiant altar of Vehumet.
   376 | D        | Found a shimmering blue altar of Sif Muna.
   376 | D        | Found an ancient bone altar of Kikubaaqudgha.
   376 | D        | Noticed a wizard
   377 | D        | Killed a wizard
   378 | D        | Reached skill level 8 in Spellcasting
   378 | D        | Reached XP level 5. HP: 28/28 MP: 14/17
   389 | D        | Became a worshipper of Vehumet
   396 | D        | Learned a level 5 spell: Lee's Rapid Deconstruction
   401 | D        | Learned a level 4 spell: Petrify
   438 | D        | Found a glowing silver altar of Zin.
   438 | D        | Found a glowing golden altar of the Shining One.
   438 | D        | Found a white marble altar of Elyvilon.
   438 | D        | Noticed a deep elf mage
   441 | D        | Killed a deep elf mage
   442 | D        | Reached skill level 5 in Stealth
   442 | D        | Reached skill level 12 in Spellcasting
   442 | D        | Reached XP level 6. HP: 32/32 MP: 2/23
   442 | D        | Reached XP level 7. HP: 36/36 MP: 2/24
   557 | D        | Found a basalt altar of Yredelemnul.
   557 | D        | Found a shadowy altar of Dithmenos.
   557 | D        | Found a sacrificial altar of Ru.
   559 | D        | Reached * piety under Vehumet
   559 | D        | Offered knowledge of Freeze by Vehumet.
   560 | D        | Reached skill level 13 in Spellcasting
   611 | D        | Found a hide-covered altar of Uskayaw.
   611 | D        | Found a roughly hewn altar of Beogh.
   611 | D        | Found an iron altar of Okawaru.
   611 | D        | Found a bloodstained altar of Trog.
   611 | D        | Found an ornate altar of the Wu Jian Council.
   611 | D        | Noticed a human
   612 | D        | Noticed a human
   614 | D        | Killed a human
   614 | D        | Killed a human
   615 | D        | Reached skill level 14 in Spellcasting
   656 | D        | Reached ** piety under Vehumet
   656 | D        | Noticed a shadow
   657 | D        | Reached XP level 8. HP: 41/41 MP: 22/28
   718 | D        | Found a blossoming altar of Fedhas.
   718 | D        | Found a stormy altar of Qazlal.
   718 | D        | Found a snail-covered altar of Cheibriados.
   718 | D        | Found a burning altar of Makhleb.
   718 | D        | Found a shimmering altar of Xom.
   720 | D        | Found a hazy altar of Hepliaklqana.
   720 | D        | Found an opulent altar of Gozag.
   720 | D        | Found a sparkling altar of Nemelex Xobeh.
   720 | D        | Found a corrupted altar of Lugonu.
   720 | D        | Found a viscous altar of Jiyva.
   721 | D        | Offered knowledge of Shock by Vehumet.
   790 | D        | Noticed Erica
   803 | D        | Mangled by Erica

Illustrated notes

Levels and vault maps discovered:
D:        dungeon_sprint_mu [sprint_mu_entry_forest, sprint_mu_temple_rooms,
          sprint_mu_d1_horrors, sprint_mu_d2_genie, sprint_mu_d3_branching,
          sprint_mu_orc_legion, sprint_mu_elf_gauntlet, sprint_mu_hive_nellie,
          sprint_mu_lair_fedhas, sprint_mu_vaults_butterflies,
          sprint_mu_slime_circle, sprint_mu_swamp_cave, sprint_mu_snake_twists,
          sprint_mu_blade_basic, sprint_mu_crypt_chambers,
          sprint_mu_tomb_spiral, sprint_mu_vestibule_basic,
          sprint_mu_gehenna_hellfire, sprint_mu_dis_giant,
          sprint_mu_tartarus_statrot, sprint_mu_cocytus_islands, sprint_mu_zot1]

Skill      XL: |  1  2  3  4  5  6  7 |
---------------+----------------------+-----
Spellcasting   | 4 5 6 8 12 14 | 14.9
Earth Magic    | 4 6 8 12 13 | 13.9
Stealth        | 3 4 5 |  5.4
Dodging        | 3 4 |  4.9
Transmutations | 2 |  2.4
Conjurations   | |  0.4

Action                   |  1- 3 |  4- 6 |  7- 9 || total
-------------------------+-------+-------+-------++-------
 Cast: Sandblast         |    12 |     7 |     8 ||    27
       Passwall          |     1 |       |       ||     1
       Stone Arrow       |     1 |       |     1 ||     2
       Lee's Rapid Decon |       |     3 |     8 ||    11
  Use: Potion            |     2 |       |       ||     2
Armor: Robe              |       |       |     1 ||     1
Dodge: Dodged            |     1 |     1 |       ||     2

Table legend: (Time is in decaauts)
 A = Elapsed time spent in this place.
 B = Non-inter-level travel time spent in this place.
 C = Inter-level travel time spent in this place.
 D = Time resting spent in this place.
 E = Time spent auto-exploring this place.
 F = Levels seen in this place.
 G = Mean time per level.
                   A        B        C        D        E       F      G
               +--------+--------+--------+--------+--------+-----+--------+
         Total |    803 |    803 |      0 |    556 |      1 |   1 |  803.0 |
       Dungeon |    803 |    803 |      0 |    556 |      1 |   1 |  803.0 |
               +--------+--------+--------+--------+--------+-----+--------+

Top non-repeatable levels by time:
       D: 803 daAuts
